IL
GWINNETT BRAVES @ IOWA CUBS
08/23/2044
 
TOP OF THE 1ST
Gwinnett Braves batting - Pitching for Iowa Cubs : LHP Kyle Foster
Pitching: LHP Kyle Foster
Batting: RHB Francisco Hernandez 0-0: Swinging Strike
0-1: Ball
1-1: Ball
2-1: Swinging Strike
2-2: Ground out U3 (Groundball, 3L, EV 104.4 MPH)
Batting: RHB Josh Whitmore 0-0: Foul Ball, location: 2F
0-1: Foul Ball, location: 2F
0-2: Ground out 5-3 (Groundball, 56, EV 85.6 MPH)
Batting: RHB Luis Revilla 0-0: Fly out, F8 (Flyball, 8RM, EV 81.9 MPH)
Top of the 1st over - 0 runs, 0 hits, 0 errors, 0 left on base; Gwinnett 0 - Iowa 0
BOTTOM OF THE 1ST
Iowa Cubs batting - Pitching for Gwinnett Braves : RHP Preston Larson
Pitching: RHP Preston Larson
Batting: LHB Barend van der Kamp 0-0: Fly out, F7 (Flyball, 7LM, EV 78.1 MPH)
Batting: RHB Pat Barton 0-0: Fly out, F6 (Popup, P, EV 75.0 MPH)
Batting: SHB Tim Hone 0-0: Called Strike
0-1: Called Strike
0-2: Strikes out swinging
Bottom of the 1st over - 0 runs, 0 hits, 0 errors, 0 left on base; Gwinnett 0 - Iowa 0
TOP OF THE 2ND
Gwinnett Braves batting - Pitching for Iowa Cubs : LHP Kyle Foster
Batting: RHB Jake Lang 0-0: Ball
1-0: Foul Ball, location: 2F
1-1: Ball
2-1: Fly out, F7 (Flyball, 7D, EV 103.8 MPH)
Batting: RHB Alex Munoz 0-0: Ball
1-0: Ball
2-0: Called Strike
2-1: Swinging Strike
2-2: Strikes out swinging
Batting: RHB T.J. Jordan 0-0: Called Strike
0-1: Fly out, F9 (Flyball, 9S, EV 88.8 MPH)
Top of the 2nd over - 0 runs, 0 hits, 0 errors, 0 left on base; Gwinnett 0 - Iowa 0
BOTTOM OF THE 2ND
Iowa Cubs batting - Pitching for Gwinnett Braves : RHP Preston Larson
Batting: RHB Butch Koglin 0-0: Called Strike
0-1: SINGLE (Line Drive, 6D, EV 96.9 MPH)
Batting: LHB Chris Morgan 0-0: Ball
1-0: Grounds into double play, 5-4-3 (Groundball, 5L, EV 100.0 MPH)
Batting: SHB Seung-ho Zhang 0-0: Ball
1-0: Called Strike
1-1: Fly out, F8 (Flyball, 8LXD, EV 103.1 MPH)
Bottom of the 2nd over - 0 runs, 1 hit, 0 errors, 0 left on base; Gwinnett 0 - Iowa 0
TOP OF THE 3RD
Gwinnett Braves batting - Pitching for Iowa Cubs : LHP Kyle Foster
Batting: RHB Ethan McCullough 0-0: Ground out 6-3 (Groundball, 6, EV 101.3 MPH)
Batting: RHB Angel Lescano 0-0: Ball
1-0: Ground out 5-3 (Groundball, 56, EV 100.0 MPH)
Batting: SHB Tim Rodgers 0-0: Called Strike
0-1: Ball
1-1: Hit by Pitch
Batting: RHB Francisco Hernandez 0-0: Ball
1-0: Called Strike
1-1: Called Strike
1-2: SINGLE (Line Drive, 9LS, EV 98.1 MPH)
Tim Rodgers to second
Throwing error, E9
Tim Rodgers scores
Francisco Hernandez to second
Batting: RHB Josh Whitmore 0-0: Called Strike
0-1: Fly out, F8 (Flyball, 8LD, EV 87.5 MPH)
Top of the 3rd over - 1 run, 1 hit, 1 error, 1 left on base; Gwinnett 1 - Iowa 0
BOTTOM OF THE 3RD
Iowa Cubs batting - Pitching for Gwinnett Braves : RHP Preston Larson
Batting: SHB Nick Chandler 0-0: Called Strike
0-1: Foul Ball, location: 2F
0-2: Ball
1-2: Strikes out looking
Batting: RHB Jonathan Underhill 0-0: Called Strike
0-1: Ball
1-1: SINGLE (Groundball, 6MD, EV 98.1 MPH)
Batting: SHB R.J. Vargas 0-0: Ball
1-0: Called Strike
Jonathan Underhill steals 2nd base (no throw)
1-1: Ball
2-1: DOUBLE (Line Drive, 7LS, EV 95.6 MPH)
Jonathan Underhill scores
Batting: LHB Barend van der Kamp 0-0: Called Strike
0-1: Foul Ball, location: 2F
0-2: Ball
1-2: Strikes out swinging
Batting: RHB Pat Barton 0-0: Called Strike
0-1: Called Strike
0-2: Foul Ball, location: 2F
0-2: Ball
1-2: Ball
2-2: Foul Ball, location: 2F
2-2: Ground out 3-1 (Groundball, 34, EV 88.8 MPH)
Bottom of the 3rd over - 1 run, 2 hits, 0 errors, 1 left on base; Gwinnett 1 - Iowa 1
TOP OF THE 4TH
Gwinnett Braves batting - Pitching for Iowa Cubs : LHP Kyle Foster
Batting: RHB Luis Revilla 0-0: Ball
1-0: Foul Ball, location: 2F
1-1: Called Strike
1-2: SOLO HOME RUN (Flyball, 7LD, EV 94.4 MPH), Distance : 361 ft
Batting: RHB Jake Lang 0-0: Called Strike
0-1: Ball
1-1: Swinging Strike
1-2: Ball
2-2: Ball
3-2: Foul Ball, location: 2F
3-2: Base on Balls
Batting: RHB Alex Munoz 0-0: Ball
1-0: Called Strike
1-1: Grounds into double play, 1-6-3 (Groundball, 13S, EV 65.0 MPH)
Batting: RHB T.J. Jordan 0-0: Ground out 5-3 (Groundball, 56, EV 90.0 MPH)
Top of the 4th over - 1 run, 1 hit, 0 errors, 0 left on base; Gwinnett 2 - Iowa 1
BOTTOM OF THE 4TH
Iowa Cubs batting - Pitching for Gwinnett Braves : RHP Preston Larson
Batting: SHB Tim Hone 0-0: Called Strike
0-1: Ball
1-1: SINGLE (Groundball, 6MD, EV 104.4 MPH)
Batting: RHB Butch Koglin 0-0: Ball
1-0: Fly out, F3 (Popup, 23F, EV 87.5 MPH)
Batting: LHB Chris Morgan 0-0: Ball
1-0: Swinging Strike
1-1: Ball
2-1: Fly out, F8 (Flyball, 8LD, EV 103.1 MPH)
Batting: SHB Seung-ho Zhang 0-0: Ball
1-0: Called Strike
1-1: Called Strike
1-2: SINGLE (Flyball, 9S, EV 88.8 MPH)
Tim Hone to second
Runner from 2nd tries for 3rd, SAFE, throw by RF made to third
Batting: SHB Nick Chandler 0-0: Ground out 4-3 (Groundball, 4S, EV 64.4 MPH)
Bottom of the 4th over - 0 runs, 2 hits, 0 errors, 2 left on base; Gwinnett 2 - Iowa 1
TOP OF THE 5TH
Gwinnett Braves batting - Pitching for Iowa Cubs : LHP Kyle Foster
Batting: RHB Ethan McCullough 0-0: Ball
1-0: Ground out 4-3 (Groundball, 4, EV 78.1 MPH)
Batting: RHB Angel Lescano 0-0: Called Strike
0-1: Fly out, F9 (Flyball, 9S, EV 81.3 MPH)
Batting: SHB Tim Rodgers 0-0: Swinging Strike
0-1: Ball
1-1: Ball
2-1: Ball
3-1: Foul Ball, location: 2F
3-2: Strikes out swinging
Top of the 5th over - 0 runs, 0 hits, 0 errors, 0 left on base; Gwinnett 2 - Iowa 1
BOTTOM OF THE 5TH
Iowa Cubs batting - Pitching for Gwinnett Braves : RHP Preston Larson
Batting: RHB Jonathan Underhill 0-0: SINGLE (Groundball, 56D, EV 99.4 MPH)
Batting: SHB R.J. Vargas 0-0: Ball
1-0: Foul Ball, location: 2F
1-1: SINGLE (Groundball, 4MD, EV 100.0 MPH)
Jonathan Underhill to second
Batting: LHB Barend van der Kamp 0-0: Swinging Strike
0-1: Foul Ball, location: 2F
0-2: Strikes out swinging
Batting: RHB Pat Barton 0-0: SINGLE (Groundball, 56D, EV 99.4 MPH)
Jonathan Underhill to third
R.J. Vargas to second
Runner from 3rd tries for Home, SAFE, throw by LF to home
Batting: SHB Tim Hone 0-0: Ball
1-0: Swinging Strike
1-1: Ball
2-1: Foul Ball, location: 2F
2-2: Ball
3-2: Base on Balls
R.J. Vargas to third
Pat Barton to second
Batting: RHB Butch Koglin 0-0: Swinging Strike
0-1: Ball
1-1: Called Strike
1-2: Foul Ball, location: 2F
1-2: Ball
2-2: Grounds into fielders choice 6-2 (Groundball, 6, EV 83.8 MPH)
Pat Barton to third
Tim Hone to second
Batting: LHB Chris Morgan 0-0: Ball
1-0: Called Strike
1-1: Ball
2-1: GRAND SLAM HOME RUN (Flyball, 9D, EV 100.0 MPH), Distance : 371 ft
Pitching: RHP Craig Noble
Batting: SHB Seung-ho Zhang 0-0: Ball
1-0: Called Strike
1-1: Foul Ball, location: 2F
1-2: Foul Ball, location: 2F
1-2: Fly out, F4 (Popup, 4MD, EV 56.3 MPH)
Bottom of the 5th over - 5 runs, 4 hits, 0 errors, 0 left on base; Gwinnett 2 - Iowa 6
TOP OF THE 6TH
Gwinnett Braves batting - Pitching for Iowa Cubs : LHP Kyle Foster
Batting: RHB Francisco Hernandez 0-0: Called Strike
0-1: Ball
1-1: Foul Ball, location: 2F
1-2: SINGLE (Groundball, 6MD, EV 103.1 MPH)
Batting: RHB Josh Whitmore 0-0: Foul Ball, location: 2F
0-1: Ball
1-1: Foul Ball, location: 2F
1-2: Foul Ball, location: 2F
1-2: Ball
2-2: Hit by Pitch
Francisco Hernandez to second
Batting: RHB Luis Revilla 0-0: Ball
1-0: Ball
2-0: Ball
3-0: Base on Balls
Francisco Hernandez to third
Josh Whitmore to second
Batting: RHB Jake Lang 0-0: Foul Ball, location: 2F
0-1: Called Strike
0-2: Strikes out swinging
Batting: RHB Alex Munoz 0-0: Ball
1-0: Ball
2-0: Called Strike
2-1: Called Strike
2-2: Ball
3-2: Foul Ball, location: 2F
3-2: Fly out, F8 (Flyball, 8RXD, EV 105.6 MPH)
Runner from 3rd tags up, SCORES, no throw by CF
Josh Whitmore to third
Batting: RHB T.J. Jordan 0-0: Ball
1-0: Ball
2-0: Called Strike
2-1: Ball
3-1: Foul Ball, location: 2F
3-2: Base on Balls
Luis Revilla to second
Batting: RHB Ethan McCullough 0-0: Ball
1-0: Swinging Strike
1-1: Swinging Strike
1-2: Foul Ball, location: 2F
1-2: Ball
2-2: Fly out, F9 (Flyball, 9LM, EV 84.4 MPH)
Top of the 6th over - 1 run, 1 hit, 0 errors, 3 left on base; Gwinnett 3 - Iowa 6
BOTTOM OF THE 6TH
Iowa Cubs batting - Pitching for Gwinnett Braves : RHP Craig Noble
Batting: SHB Nick Chandler 0-0: Ball
1-0: Foul Ball, location: 2F
1-1: Ball
2-1: Fly out, F7 (Flyball, 7, EV 85.0 MPH)
Batting: RHB Jonathan Underhill 0-0: Foul Ball, location: 2F
0-1: Foul Ball, location: 2F
0-2: Ball
1-2: Foul Ball, location: 2F
1-2: Ball
2-2: Foul Ball, location: 2F
2-2: Foul Ball, location: 2F
2-2: Strikes out swinging
Batting: SHB R.J. Vargas 0-0: Ball
1-0: Ball
2-0: Ball
3-0: Base on Balls
Batting: LHB Barend van der Kamp 0-0: Ball
1-0: Fly out, F8 (Flyball, 78S, EV 86.3 MPH)
Bottom of the 6th over - 0 runs, 0 hits, 0 errors, 1 left on base; Gwinnett 3 - Iowa 6
TOP OF THE 7TH
Gwinnett Braves batting - Pitching for Iowa Cubs : LHP Kyle Foster
Batting: RHB Angel Lescano 0-0: Called Strike
0-1: Foul Ball, location: 2F
0-2: Ball
1-2: Ball
2-2: Foul Ball, location: 2F
2-2: Foul Ball, location: 2F
2-2: Ball
3-2: Ground out U3 (Groundball, 3, EV 108.8 MPH)
Pitching: RHP Joe Pate
Batting: SHB Tim Rodgers 0-0: Ground out 3-1 (Groundball, 34S, EV 86.3 MPH)
Batting: RHB Francisco Hernandez 0-0: Fly out, F8 (Flyball, 8RD, EV 88.8 MPH)
Top of the 7th over - 0 runs, 0 hits, 0 errors, 0 left on base; Gwinnett 3 - Iowa 6
BOTTOM OF THE 7TH
Iowa Cubs batting - Pitching for Gwinnett Braves : RHP Craig Noble
Pitching: RHP Alan Shanahan
Batting: RHB Pat Barton 0-0: Swinging Strike
0-1: Swinging Strike
0-2: Ball
1-2: Ball
2-2: Strikes out swinging
Batting: SHB Tim Hone 0-0: Ball
1-0: Ball
2-0: Ground out 6-3 (Groundball, 6, EV 81.9 MPH)
Batting: RHB Butch Koglin 0-0: Ball
1-0: Fly out, F8 (Flyball, 8RS, EV 80.0 MPH)
Bottom of the 7th over - 0 runs, 0 hits, 0 errors, 0 left on base; Gwinnett 3 - Iowa 6
TOP OF THE 8TH
Gwinnett Braves batting - Pitching for Iowa Cubs : RHP Joe Pate
Batting: RHB Josh Whitmore 0-0: Called Strike
0-1: Called Strike
0-2: Ball
1-2: Foul Ball, location: 2F
1-2: Foul Ball, location: 2F
1-2: Fly out, F7 (Flyball, 7, EV 82.5 MPH)
Batting: RHB Luis Revilla 0-0: Ball
1-0: Ball
2-0: Ball
3-0: Base on Balls
Batting: RHB Jake Lang 0-0: Foul Ball, location: 2F
0-1: Foul Ball, location: 2F
0-2: Grounds into double play, 4-6-3 (Groundball, 4, EV 100.0 MPH)
Top of the 8th over - 0 runs, 0 hits, 0 errors, 0 left on base; Gwinnett 3 - Iowa 6
BOTTOM OF THE 8TH
Iowa Cubs batting - Pitching for Gwinnett Braves : RHP Alan Shanahan
Pitching: RHP Chong-hun Park
Batting: LHB Chris Morgan 0-0: Ball
1-0: Swinging Strike
1-1: Foul Ball, location: 2F
1-2: Foul Ball, location: 2F
1-2: Ball
2-2: Ball
3-2: DOUBLE (Line Drive, 89D, EV 110.6 MPH)
Batting: SHB Seung-ho Zhang 0-0: Intentional Walk
Batting: SHB Nick Chandler 0-0: Fly out, F8 (Line Drive, 8RD, EV 88.8 MPH)
Batting: RHB Jonathan Underhill 0-0: Ball
1-0: Ball
2-0: Called Strike
2-1: Swinging Strike
2-2: Fly out, F8 (Flyball, 8LS, EV 75.0 MPH)
Batting: SHB R.J. Vargas 0-0: Ball
1-0: Foul Ball, location: 2F
1-1: Foul Ball, location: 2F
1-2: Strikes out swinging
Bottom of the 8th over - 0 runs, 1 hit, 0 errors, 2 left on base; Gwinnett 3 - Iowa 6
TOP OF THE 9TH
Gwinnett Braves batting - Pitching for Iowa Cubs : RHP Joe Pate
Pitching: LHP Shane Stratton
Batting: RHB Alex Munoz 0-0: Called Strike
0-1: Fly out, F9 (Flyball, 89S, EV 82.5 MPH)
Batting: RHB T.J. Jordan 0-0: Ball
1-0: Called Strike
1-1: Called Strike
1-2: Ball
2-2: Strikes out looking
Batting: RHB Ethan McCullough 0-0: Ball
1-0: Foul Ball, location: 2F
1-1: SINGLE (Line Drive, 8LS, EV 93.1 MPH)
Batting: RHB Angel Lescano 0-0: Foul Ball, location: 2F
0-1: Fielders Choice at 2nd, U6 (Groundball, 6M, EV 85.0 MPH)
Top of the 9th over - 0 runs, 1 hit, 0 errors, 1 left on base; Gwinnett 3 - Iowa 6
Thursday, March 31st , 2022 - OOTP Baseball 22.12 Build 89